 Dungeon Crawl Stone Soup version 0.28-a0-595-g9f6c0e134a (webtiles) character file.

Game seed: 5619431428690438519

203522 iamoutofideas the Executioner (level 18, -15/194 HPs)
             Began as a Hill Orc Berserker on Oct 4, 2021.
             Was a High Priest of Trog.
             Killed from afar by Nikola (49 damage)
             ... with an arc of chain lightning
             ... on level 2 of the Swamp.
             The game lasted 01:24:27 (42774 turns).

iamoutofideas the Executioner (Hill Orc Berserker) Turns: 42774, Time: 01:24:28

Health: -15/194    AC: 29    Str: 27    XL:     18   Next: 61%
Magic:  0/6        EV: 11    Int:  7    God:    Trog [*****.]
Gold:   927        SH:  9    Dex: 11    Spells: 17/17 levels left

rFire   + . .      SeeInvis .   S - +6 broad axe (antimagic)
rCold   . . .      Faith    .   Y - +2 buckler
rNeg    + . .      Spirit   +   g - +2 plate armour {rPois}
rPois   +          Reflect  .   G - +0 helmet of Muttered Phrases {rF+}
rElec   .          Harm     .   V - +0 cloak
rCorr   .          Rampage  .   b - +2 pair of gloves of Gravity {rN+ Slay+2}
Will    +++++                   k - +2 pair of boots {Stlth+}
Stlth   ..........              L - amulet of guardian spirit
HPRegen 1.42/turn               U - ring of willpower
MPRegen 0.10/turn               D - ring of willpower

@: strong-willed, regenerating
A: no striking features
}: 1/15 runes: serpentine
a: Renounce Religion, Berserk, Trog's Hand, Brothers in Arms


You were on level 2 of the Swamp.
You worshipped Trog.
Trog was extremely pleased with you.
You visited 7 branches of the dungeon, and saw 31 of its levels.
You also visited: Bailey and Ice Cave.

You collected 3347 gold pieces.
You spent 2420 gold pieces at shops.

Inventory:

Hand Weapons
 F - the +8 mithril axe "Arga" {speed, Will+}
   (You bought it in a shop on level 2 of the Orcish Mines)

   Attacks with this weapon are significantly faster.
   Will:      It increases your willpower.
 J - a +5 vampiric war axe
 S - a +6 antimagic broad axe (weapon)
 T - a +6 hand axe of flaming
Missiles
 d - 3 throwing nets (quivered)
 v - 5 curare-tipped darts
Armour
 b - the +2 pair of gloves of Gravity (worn) {rN+ Slay+2}
   (You acquired it on level 12 of the Dungeon)

   Slay:      It affects your accuracy & damage with ranged weapons and melee
   (+2).
   rN:        It protects you from negative energy.
 f - a +0 crystal plate armour
 g - a +2 plate armour of poison resistance (worn)
 k - a +2 pair of boots of stealth (worn)
 G - the +0 helmet of Muttered Phrases (worn) {rF+}
   (You bought it in a shop on level 2 of the Orcish Mines)

   rF:        It protects you from fire.
 V - a +0 cloak (worn)
 X - +0 ice dragon scales
 Y - a +2 buckler (worn)
Jewellery
 j - a ring of protection from cold
 m - an amulet of regeneration
 C - a ring of flight
 D - a ring of willpower (right hand)
 K - a ring of positive energy
 L - an amulet of guardian spirit (around neck)
 U - a ring of willpower (left hand)
Wands
 t - a wand of digging (5)
 u - a wand of polymorph (31)
 A - a wand of acid (14)
 B - a wand of iceblast (34)
 Z - a wand of charming (24)
Scrolls
 e - a scroll of silence
 h - 5 scrolls of teleportation
 i - 5 scrolls of immolation
 l - 6 scrolls of magic mapping
 n - 3 scrolls of fog
 y - 2 scrolls of torment
 E - a scroll of holy word
 H - a scroll of summoning
 M - 4 scrolls of enchant armour
 N - 10 scrolls of identify
 P - 2 scrolls of brand weapon
Potions
 a - 4 potions of cancellation
 c - 4 potions of might
 o - 8 potions of curing
 p - 2 potions of lignification
 q - 10 potions of brilliance
 s - 2 potions of berserk rage
 z - a potion of mutation
 R - 2 potions of flight
Miscellaneous
 r - a phantom mirror
 I - a phial of floods
 Q - a condenser vane


   Skills:
 + Level 25.0 Fighting
 + Level 25.4 Axes
 + Level 14.5 Armour
 + Level 10.5 Dodging
 - Level 0.1 Stealth
 * Level 14.7 Shields
 + Level 1.2 Evocations


You had 17 spell levels left.
You didn't know any spells.
Your spell library contained the following spells:

 Spells                   Type           Power      Damage    Failure   Level
 Pain                     Necr           0%         1d4       97%         1
 Sting                    Tmut/Pois      0%         1d3       97%         1
 Wereblood                Tmut           0%         N/A       99%         2
 Spider Form              Tmut/Pois      0%         N/A       100%        3
 Vampiric Draining        Necr           0%         2d6       100%        3
 Dispel Undead            Necr           0%         3d6       100%        4
 Alistair's Intoxication  Tmut/Pois      0%         N/A       100%        5
 Borgnjor's Vile Clutch   Necr/Erth      0%         N/A       100%        5
 Irradiate                Conj/Tmut      0%         3d13      100%        5
 Eringya's Noxious Bog    Tmut/Pois      0%         N/A       100%        6
 Simulacrum               Ice/Necr       0%         N/A       100%        6
 Statue Form              Tmut/Erth      0%         N/A       100%        6


Dungeon Overview and Level Annotations

Branches:
Dungeon (15/15)            Temple (1/1) D:7            Lair (6/6) D:11
  Swamp (2/4) Lair:2        Snake (4/4) Lair:3        Slime (0/5) Lair:5
    Orc (2/2) D:12            Elf (0/3) Orc:2        Vaults (0/5) D:14
 Depths (1/4) D:15         Bailey (visited)           IceCv (visited)

Altars:
Ashenzari
Cheibriados
Dithmenos
Elyvilon
Fedhas
Gozag
Hepliaklqana
Kikubaaqudgha
Makhleb
Nemelex Xobeh
Okawaru
Qazlal
Ru
Sif Muna
Trog
Uskayaw
Vehumet
Wu Jian
Xom
Yredelemnul
Zin
The Shining One

Shops:
D:4 [   D:6 :   D:12 ([   D:15 *   Orc:2 ([:(*

Annotations:
Swamp:2 Nikola


Message History

You feel much better.
The alligator puts on a burst of speed!
Nikola falters for a moment.
The goliath frog barely misses you.
Unknown command.
Your troll goes berserk!
The alligator bites you but does no damage.
The alligator tail-slaps you but does no damage.
Nikola falters for a moment.
The bunyip howls a warning cry!
The goliath frog hits you from afar.
* * * LOW HITPOINT WARNING * * *
You are splashed with acid!
* * * LOW HITPOINT WARNING * * *
The alligator bites you but does no damage.
The alligator tail-slaps you but does no damage.
You hear an angry buzzing noise. x2
Unknown command.
You feel much better.
The bunyip claws you but does no damage.
You block the bunyip's attack. The bunyip claws you!
* * * LOW HITPOINT WARNING * * *
The goliath frog hits you from afar.
* * * LOW HITPOINT WARNING * * *
You are splashed with acid!
* * * LOW HITPOINT WARNING * * *
Nikola gestures at you while chanting. The bolt of lightning misses you.
The mangrove smoulders and burns.
The alligator bites you but does no damage.
The alligator completely misses you.
Your skin crawls.
You feel strong-willed. The goliath frog closely misses you.
Nikola casts a spell.
Lightning arcs from Nikola's hands!
The bolt of lightning hits the goliath frog!!!
The goliath frog dies!
A bolt of lightning appears from out of thin air!
The bolt of lightning hits Nikola!
The bolt of lightning hits the bunyip!!
The bunyip dies!
The bolt of lightning hits you!!!
You die...

♣≈ ♣♣♣♣♣.≈.♣
♣♣♣ .♣
♣♣♣≈.≈.♣ .§♣
♣♣≈...♣♣♣
♣♣♣
.§♣♣≈≈≈♣♣♣
♣≈. ♣○♣≈≈≈♣♣
♣.≈ ♣.≈≈§.♣
≈ ♣♣≈
♣≈≈≈≈.♣ .F.
♣♣
♣♣.≈≈♣♣♣...♣
♣♣.T@♣≈.≈/.♣
♣≈.t†@.≈≈≈.♣
♣♣.§§≈≈§≈≈.≈
♣♣≈≈≈≈≈≈..≈
♣♣≈≈...♣♣♣
♣♣♣♣♣♣♣


You could see Nikola, an alligator (swift) and a friendly troll (summoned,
berserk).

Vanquished Creatures
  Vashnia (Snake:4)
  Rupert (D:15)
  Gastronok (D:12)
  Kirke (Snake:1)
  4 nagarajas (Snake:4)
  The ghost of Lanoh the Harbinger of Death, an adept PaFi of Yredelemnul (Snake:2)
  2 fire giants (D:13)
  Roxanne (D:15)
  A fenstrider witch (Swamp:2)
  The ghost of Inoelank the Blocker, a journeyman GnFi of Cheibriados (Lair:6)
  Aizul (Snake:2)
  An orc warlord (Orc:2)
  2 bunyips (Swamp:1)
  A minotaur (Lair:6)
  An eleionoma (Swamp:2)
  A fire dragon (Lair:3)
  The ghost of Puekk the Protected, a journeyman DsMo of Wu Jian (Lair:4)
  20 hydras
  18 naga warriors
  Harold (D:8)
  2 salamander tyrants
  An ice dragon (IceCv)
  5 boulder beetles
  A ghost crab (Swamp:1)
  6 catoblepae (Lair:6)
  The ghost of RandomusNamus the Thaumaturge, a journeyman SpCj of Vehumet (D:12)
  15 anacondas
  12 centaur warriors
  2 alligators (Swamp:1)
  13 two-headed ogres
  3 tengu warriors
  A deep troll earth mage (D:13)
  12 death yaks
  6 shock serpents
  2 orc high priests
  9 naga sharpshooters
  2 skeletal warriors (D:15)
  4 salamander mystics
  A spriggan druid (Swamp:2)
  A sea snake (Snake:2)
  3 goliath frogs
  2 naga ritualists
  A phantasmal warrior (D:15)
  2 swamp dragons
  3 bog bodies
  6 orc knights
  A wizard (D:14)
  A stone giant zombie (D:15)
  2 deep elf pyromancers (D:13)
  A necromancer (D:15)
  9 mana vipers
  4 orc sorcerers
  10 ugly things
  4 manticores
  2 will-o-the-wisps
  A salamander (shapeshifter) (D:13)
  An oklob plant (Lair:4)
  9 salamanders
  9 naga magi
  2 ice statues (IceCv)
  6 elephants (Lair:4)
  3 guardian serpents
  27 black mambas
  A torpor snail (Lair:6)
  13 cane toads
  4 gargoyles
  Maggie (D:8)
  An unseen horror (shapeshifter) (D:13)
  7 rime drakes
  6 kobold demonologists
  An unseen horror (D:13)
  2 efreet (D:14)
  13 komodo dragons
  A yaktaur (D:15)
  2 ice devils (Lair:5)
  6 trolls
  A freezing wraith (D:14)
  A tengu conjurer (D:13)
  4 hornets (Swamp:1)
  A wolf spider simulacrum (D:15)
  4 polar bears
  7 tyrant leeches
  2 slime creatures
  12 blink frogs
  A spriggan zombie (D:15)
  A centaur simulacrum (D:13)
  Sigmund (D:5)
  4 vampires
  A wyvern (shapeshifter) (D:13)
  A shadow (D:11)
  Eustachio (D:5)
  3 wraiths
  4 spriggans (Swamp:1)
  2 hogs (Snake:1)
  69 yaks
  3 basilisks
  A steam dragon (D:8)
  5 wargs
  A human zombie (D:15)
  32 nagas
  4 vampire mosquitoes (Swamp:1)
  10 swamp worms
  2 acid dragons
  Duvessa (D:7)
  13 water moccasins
  A human skeleton (D:15)
  A swamp drake (Swamp:1)
  39 orc warriors
  3 sky beasts
  A necrophage (D:5)
  32 wolves
  18 centaurs
  6 ogres
  Blork the orc (D:5)
  7 kobold brigands
  14 bullfrogs
  5 gnoll sergeants
  3 scorpions
  5 killer bees (D:9)
  Dowan (D:7)
  3 lindwurm simulacra (IceCv)
  An electric eel (Snake:2)
  2 howler monkeys
  8 komodo dragon simulacra (IceCv)
  2 centaur zombies
  2 bullfrog zombies (D:5)
  2 centaur skeletons
  3 jellies
  12 orc priests
  2 hounds
  A bullfrog skeleton (D:5)
  Jessica (D:3)
  2 iguanas
  11 orc wizards
  A killer bee zombie (D:8)
  6 acid dragon simulacra (IceCv)
  7 adders
  24 gnolls
  A howler monkey skeleton (D:4)
  3 shadow imps
  A white imp (D:7)
  3 ufetubi
  4 steam dragon simulacra (IceCv)
  An adder skeleton (D:4)
  A worm (D:2)
  2 dart slugs (D:1)
  64 orcs
  7 ball pythons
  8 endoplasms
  3 giant cockroaches
  9 goblins
  3 hobgoblins
  2 quokkas
  4 bats
  4 frilled lizards
  20 kobolds
  A rat (D:3)
  A withered plant (D:15)
888 creatures vanquished.

Vanquished Creatures (collateral kills)
  2 nagarajas (Snake:4)
  3 naga warriors (Snake:4)
  An anaconda (Snake:4)
  A naga ritualist (Snake:4)
  A salamander (Snake:4)
  A naga mage (Snake:4)
  A guardian serpent (Snake:4)
10 creatures vanquished.

Vanquished Creatures (others)
  A bunyip (Swamp:2)
  A goliath frog (Swamp:2)
  A rime drake (IceCv)
  An orc (Bailey)
  6 foxfires
  24 fungi
  57 plants
  9 withered plants
100 creatures vanquished.

Grand Total: 998 creatures vanquished

Notes
Turn   | Place    | Note
-------+----------+-------------------------------------------
     0 | D:1      | iamoutofideas the Hill Orc Berserker began the quest for
                  | the Orb.
     0 | D:1      | Reached XP level 1. HP: 19/19 MP: 1/1
   359 | D:1      | Reached XP level 2. HP: 26/27 MP: 2/2
  1200 | D:2      | Reached XP level 3. HP: 14/34 MP: 3/3
  1655 | D:2      | Reached skill level 5 in Axes
  1861 | D:2      | Found a faded altar of an unknown god.
  2371 | D:3      | Reached XP level 4. HP: 29/41 MP: 4/4
  3011 | D:3      | Noticed Jessica
  3018 | D:3      | Killed Jessica
  3018 | D:3      | Reached ** piety under Trog
  3136 | D:4      | Reached XP level 5. HP: 38/47 MP: 5/5
  3359 | D:4      | Noticed a kobold brigand
  3733 | D:4      | Killed a kobold brigand
  3734 | D:4      | Reached skill level 5 in Fighting
  3734 | D:4      | Reached XP level 6. HP: 52/56 MP: 6/6
  3789 | D:4      | Found Xuiru's Armour Emporium.
  4353 | D:5      | Entered Level 5 of the Dungeon
  4810 | D:5      | Reached XP level 7. HP: 61/61 MP: 7/7
  5329 | D:5      | Reached skill level 10 in Axes
  5357 | D:5      | Noticed Sigmund
  5369 | D:5      | Killed Sigmund
  5370 | D:5      | Reached XP level 8. HP: 56/70 MP: 8/8
  5550 | D:5      | Noticed Blork the orc
  5566 | D:5      | Killed Blork the orc
  5598 | D:5      | Noticed Eustachio
  5625 | D:5      | Killed Eustachio
  6312 | D:6      | Found Zenkuett's Book Boutique.
  6487 | D:6      | Reached *** piety under Trog
  7059 | D:8      | Reached XP level 9. HP: 79/79 MP: 9/9
  7168 | D:8      | Noticed Maggie
  7190 | D:8      | Killed Maggie
  8006 | D:7      | Noticed Dowan
  8007 | D:7      | Noticed Duvessa
  8023 | D:7      | Killed Dowan
  8024 | D:7      | Reached skill level 15 in Axes
  8027 | D:7      | Killed Duvessa
  8471 | D:7      | Found a staircase to the Ecumenical Temple.
  9051 | D:8      | Found an ancient bone altar of Kikubaaqudgha.
  9151 | Temple   | Entered the Ecumenical Temple
 10128 | D:7      | Identified a scroll of acquirement
 10128 | D:7      | Acquired a manual of Fighting
 10376 | D:8      | Reached XP level 10. HP: 86/86 MP: 10/10
 10555 | D:8      | Noticed Harold
 10570 | D:8      | Killed Harold
 11050 | D:9      | Reached **** piety under Trog
 11604 | D:9      | Noticed a kobold demonologist
 11605 | D:9      | Noticed a kobold demonologist
 11605 | D:9      | Noticed a kobold demonologist
 11608 | D:9      | Noticed an orange demon
 11623 | D:9      | Killed a kobold demonologist
 11624 | D:9      | Reached skill level 5 in Armour
 11625 | D:9      | Killed a kobold demonologist
 11626 | D:9      | Reached skill level 10 in Fighting
 11632 | D:9      | Noticed a rust devil
 11638 | D:9      | Killed a kobold demonologist
 12073 | D:10     | Entered Level 10 of the Dungeon
 12699 | D:10     | Noticed a two-headed ogre
 12705 | D:10     | Killed a two-headed ogre
 12706 | D:10     | Reached XP level 11. HP: 102/102 MP: 11/11
 12940 | D:11     | Noticed a two-headed ogre
 12951 | D:11     | Killed a two-headed ogre
 12978 | D:11     | Reached skill level 5 in Dodging
 13311 | D:11     | Noticed a two-headed ogre
 13375 | D:11     | Killed a two-headed ogre
 13592 | D:11     | Noticed a two-headed ogre
 13604 | D:11     | Killed a two-headed ogre
 13784 | D:11     | Found a staircase to the Lair.
 13802 | D:11     | Noticed a death yak
 13802 | D:11     | Noticed a death yak
 13802 | D:11     | Noticed a death yak
 13803 | D:11     | Noticed a death yak
 13803 | D:11     | Noticed a death yak
 13834 | D:10     | Killed a death yak
 13906 | D:10     | Killed a death yak
 13906 | D:10     | Reached ***** piety under Trog
 13909 | D:10     | Killed a death yak
 14081 | D:11     | Killed a death yak
 14135 | D:11     | Killed a death yak
 14197 | D:11     | Noticed a two-headed ogre
 14204 | D:11     | Killed a two-headed ogre
 14205 | D:11     | Reached XP level 12. HP: 118/118 MP: 10/12
 14360 | D:11     | Noticed a two-headed ogre
 14369 | D:11     | Killed a two-headed ogre
 14976 | D:12     | Found Egiukoh's Weapon Emporium.
 14976 | D:12     | Found a staircase to the Orcish Mines.
 14980 | D:12     | Found Fume's Armour Emporium.
 14989 | D:12     | Reached skill level 15 in Fighting
 15118 | D:12     | Noticed Gastronok
 15196 | D:12     | Killed Gastronok
 15280 | D:12     | Noticed a boulder beetle
 15309 | D:12     | Killed a boulder beetle
 15527 | D:12     | Found a runed translucent door.
 15527 | D:12     | Noticed RandomusNamus's ghost (journeyman SpCj)
 15643 | D:13     | Noticed a boulder beetle
 15674 | D:13     | Killed a boulder beetle
 15873 | D:13     | Found a flagged portal.
 15886 | D:13     | Noticed a centaur warrior
 15890 | Bailey   | Entered a bailey
 16545 | Bailey   | Identified the +12 executioner's axe "Hapsena" {vorpal, rF-
                  | Str+6 Stlth+}
 16707 | D:13     | Killed a centaur warrior
 16738 | D:12     | Acquired the +2 pair of gloves of Gravity {rN+ Slay+2}
 16894 | Lair:1   | Entered Level 1 of the Lair of Beasts
 16978 | Lair:1   | Reached XP level 13. HP: 122/132 MP: 10/13
 16989 | Lair:1   | Reached skill level 1 in Shields
 17086 | Lair:1   | Received a gift from Trog
 18537 | Lair:2   | Reached skill level 1 in Evocations
 18875 | Lair:2   | Identified the +9 war axe of the Endless Expanse {vorpal,
                  | Str+3}
 19073 | Lair:2   | Found a staircase to the Swamp.
 19426 | Lair:3   | Reached skill level 10 in Armour
 19471 | Lair:3   | Found a staircase to the Snake Pit.
 19638 | Lair:3   | Reached ****** piety under Trog
 20054 | Lair:3   | Noticed a fire dragon
 20073 | Lair:3   | Killed a fire dragon
 20124 | Lair:3   | Reached skill level 5 in Shields
 20575 | Lair:4   | Reached XP level 14. HP: 146/146 MP: 14/14
 20578 | Lair:4   | Received a gift from Trog
 20813 | Lair:4   | Found a runed translucent door.
 20814 | Lair:4   | Noticed Puekk's ghost (journeyman DsMo)
 21956 | Lair:5   | Acquired a manual of Axes
 22096 | Lair:5   | Found a staircase to the Slime Pits.
 22178 | Lair:5   | Found a frozen archway.
 22206 | IceCv    | Entered an ice cave
 22209 | IceCv    | Received a gift from Trog
 23361 | D:4      | Bought the +2 shield of Resistance {rF++ rC++ Will++} for
                  | 908 gold pieces
 23361 | D:4      | Found the +2 shield of Resistance {rF++ rC++ Will++}
 23632 | Lair:4   | Killed Puekk's ghost
 24201 | Lair:6   | Entered Level 6 of the Lair of Beasts
 24990 | Lair:6   | Reached XP level 15. HP: 160/160 MP: 15/15
 25271 | Lair:6   | Received a gift from Trog
 25626 | Lair:6   | Found a runed translucent gate.
 25626 | Lair:6   | Found a runed translucent gate.
 25626 | Lair:6   | Found a runed translucent gate.
 25632 | Lair:6   | Noticed Inoelank's ghost (journeyman GnFi)
 26979 | Lair:6   | Killed Inoelank's ghost
 27222 | Orc:1    | Entered Level 1 of the Orcish Mines
 27233 | Orc:1    | Paralysed by an orc sorcerer for 2 turns
 27447 | Orc:2    | Entered Level 2 of the Orcish Mines
 27451 | Orc:2    | Found a staircase to the Elven Halls.
 27461 | Orc:2    | Found Uze Siug's Book Shoppe.
 27463 | Orc:2    | Received a gift from Trog
 27568 | Orc:2    | Noticed an orc warlord
 27569 | Orc:2    | Found Canyozuva's Antique Armour Shop.
 27583 | Orc:2    | Killed an orc warlord
 27683 | Orc:2    | Bought a warped helmet for 304 gold pieces
 27683 | Orc:2    | Identified the +0 helmet of Muttered Phrases {rF+} (You
                  | bought it in a shop on level 2 of the Orcish Mines)
 27694 | Orc:2    | Bought a dazzling buckler for 304 gold pieces
 27694 | Orc:2    | Identified the +0 buckler of Follow the Leader {Harm
                  | *Corrode Dex+4} (You bought it in a shop on level 2 of the
                  | Orcish Mines)
 27899 | Orc:2    | Found Qaghocibby's General Store.
 27977 | Orc:2    | Found Baebbet's Weapon Shop.
 28039 | Orc:2    | Found Oweruoku's Antique Weapon Shoppe.
 28364 | Orc:2    | Bought the +8 mithril axe "Arga" {speed, Will+} for 904
                  | gold pieces
 28364 | Orc:2    | Found the +8 mithril axe "Arga" {speed, Will+}
 29065 | Snake:1  | Entered Level 1 of the Snake Pit
 29392 | D:12     | Killed RandomusNamus's ghost
 29588 | D:13     | Reached XP level 16. HP: 149/172 MP: 13/16
 29794 | D:13     | Received a gift from Trog
 29795 | D:13     | Reached skill level 10 in Shields
 29801 | D:13     | Reached skill level 10 in Dodging
 30375 | D:13     | Got the Grimoire of Necromancy
 30689 | D:14     | Acquired a +0 broad axe of electrocution
 31621 | D:14     | Found a gate to the Vaults.
 31678 | D:15     | Entered Level 15 of the Dungeon
 31690 | D:15     | Received a gift from Trog
 32004 | D:15     | Identified Roxanne's Collected Works on Changing
 32004 | D:15     | Noticed Roxanne
 32081 | D:15     | Killed Roxanne
 32231 | D:15     | Found a staircase to the Depths.
 32499 | D:15     | Noticed Rupert
 32508 | D:15     | Killed Rupert
 33076 | D:15     | Found Nuodoab's General Store.
 33769 | Depths:1 | Entered Level 1 of the Depths
 34026 | Swamp:1  | Entered Level 1 of the Swamp
 34585 | Snake:1  | Noticed Kirke
 34586 | Snake:1  | Noticed a sphinx
 34597 | Snake:1  | Killed Kirke
 34931 | Snake:1  | Reached XP level 17. HP: 180/182 MP: 15/17
 35628 | Snake:2  | Noticed Aizul
 35646 | Snake:2  | Killed Aizul
 35780 | Snake:2  | Received a gift from Trog
 35827 | Snake:2  | Found a runed translucent door.
 35828 | Snake:2  | Noticed Lanoh's ghost (adept PaFi)
 37828 | Snake:4  | Entered Level 4 of the Snake Pit
 37969 | Snake:4  | Found a shimmering altar of Xom.
 38225 | Snake:4  | Received a gift from Trog
 38370 | Snake:4  | HP: 6/183 [poisoned by a nagaraja (splash of poison)]
 38603 | Snake:4  | Reached XP level 18. HP: 158/192 MP: 12/18
 38819 | Snake:4  | Noticed Vashnia
 39564 | Snake:4  | Killed Vashnia
 40076 | Snake:4  | Got a serpentine rune of Zot
 40430 | Snake:2  | Killed Lanoh's ghost
 41142 | Swamp:1  | Received a gift from Trog
 42759 | Swamp:2  | Identified the +3 pair of gloves "Voilim" {rC+ rN+}
 42759 | Swamp:2  | Noticed Nikola
 42774 | Swamp:2  | Killed from afar by Nikola

Illustrated notes

Levels and vault maps discovered:
D:1:      giann_forest_graveyard, layout_basic
D:2:      layout_loops_cross, ebering_ecumenical_altar_ruins, st_stairs_11
D:3:      layout_rooms, hex_intersection, minmay_misc_feat_more_columns,
          kennysheep_jessica_study
D:4:      layout_cave_pools, serial_shops, kennysheep_mini_moat
D:5:      layout_basic, corexii_corridor_pit, uniq_eustachio,
          uniq_blork_the_orc, uniq_sigmund
D:6:      layout_loops_ring, serial_shops,
          nicolae_shop_temple_entry_statues_fountains
D:7:      layout_loops_corners, minmay_temple_entry_overgrown, uniq_duvessa
D:8:      layout_cave_pools, nicolae_kikubaaqudgha_miasma_corner, uniq_maggie,
          uniq_harold
D:9:      layout_gridville
D:10:     layout_irregular_city, minivault_11, nrook_mini_vaults
D:11:     layout_loops_ring, dpeg_lair_monsters, minivault_25_ag
D:12:     layout_gridville, orc_david_3, ebering_ghost_inner_flame,
          uniq_gastronok
D:13:     evilmike_diamond_1, layout_long_grid, enter_bailey_3
D:14:     layout_loops_corners, david_vaults_1, minmay_misc_feat_cross
D:15:     gammafunk_depths_entry_grave, layout_irregular_city,
          serial_co_window_serial, co_window_paths_b, co_window_paths_b,
          co_window_paths_a, co_window_paths_b, co_window_corner_a,
          co_window_2corner, co_window_cross_4, co_window_cross_2,
          co_window_corner_b, co_window_2corner, co_window_4corner_b,
          glass_columns_b, glass_columns_c, glass_columns_a, chequers_avenue,
          serial_shops, shop, uniq_rupert, uniq_roxanne
Temple:   nicolae_temple_the_god_donut
Lair:1:   layout_misc_corridors, lemuel_fruit_tree
Lair:2:   layout_regular_city, palyth_hydra_swamp_entry, beast_lair_carwin_8,
          grunt_megastairs_5
Lair:3:   dragon1_lemuel, layout_cellular_growth, guppyfry_snake_entry_garden
Lair:4:   layout_regular_city, gammafunk_ghost_grave,
          nicolae_quartered_pool_little, hangedman_lair_unloving_vines,
          lemuel_fruit_fields
Lair:5:   layout_small_grid, nicolae_slime_entry_slimehenge,
          portal_ice_cave_demonic_guard, st_stairs_8, grunt_megastairs_3
Lair:6:   evilmike_catoblepas_cave, layout_cave_pods,
          maelrawn_ghost_gauntlet_escape
Swamp:1:  layout_basic_swamp, hangedman_swamp_cone,
          nicolae_swamp_stuck_in_the_mud, infiniplex_staircase_pool_2
Swamp:2:  layout_basic_swamp, infiniplex_staircase_pool, swamp_pool1,
          nicolae_swamp_bean_lake, uniq_nikola
Snake:1:  layout_onion, uniq_kirke
Snake:2:  layout_chambers, ebering_ghost_reflecting_pool, serial_bayou_shore_a,
          uniq_aizul
Snake:3:  layout_misc_corridors, nicolae_snake_squiggles
Snake:4:  grunt_snake_rune_serpentine_throne, layout_cave_town, basic_altar,
          grunt_ministairs_14
Orc:1:    layout_caves
Orc:2:    grunt_orc_gardens, layout_caves, grunt_orc_garden, grunt_orc_garden,
          grunt_orc_garden, grunt_orc_garden, serial_shops,
          nicolae_lakefront_shop
Depths:1: layout_cave_pools, minmay_misc_feat_pillars, hell_entry, abyss_entry,
          nicolae_qazlal_general_emergency, serial_bayou_shore_b,
          minmay_shop_grove

Skill      XL: |  1  2  3  4  5  6  7  8  9 10 11 12 13 14 15 16 17 18 |
---------------+-------------------------------------------------------+-----
Fighting       | 4 5 6 7 11 14 17 19 21 23 24 25 | 25.0
Axes           | 5 6 7 9 10 13 16 17 18 19 20 22 24 25 | 25.4
Dodging        | 2 4 6 7 8 9 10 | 10.5
Armour         | 3 6 8 9 10 11 12 13 14 | 14.5
Shields        | 5 7 9 11 13 14 | 14.7
Evocations     | 1 |  1.2
Stealth        | |  0.1

Action                   |  1- 3 |  4- 6 |  7- 9 | 10-12 | 13-15 | 16-18 || total
-------------------------+-------+-------+-------+-------+-------+-------++-------
Melee: Hand axe          |   104 |   121 |   317 |   125 |    72 |    36 ||   775
       War axe           |       |       |       |   384 |   888 |   862 ||  2134
       Morningstar       |       |       |       |       |    33 |       ||    33
       Broad axe         |       |       |       |       |    70 |   277 ||   347
Throw: Throwing net      |       |       |       |     4 |       |       ||     4
Invok: Berserk           |       |     7 |    13 |    28 |    13 |     8 ||    69
       Brothers in Arms  |       |       |       |       |       |     4 ||     4
       Trog's Hand       |       |       |       |       |       |     4 ||     4
Evoke: Wand              |       |       |       |    26 |    13 |       ||    39
       Phantom mirror    |       |       |       |       |       |     1 ||     1
  Use: Scroll            |       |     3 |    16 |    11 |     6 |     6 ||    42
       Potion            |       |       |       |     3 |     1 |     7 ||    11
 Stab: Sleeping          |     2 |       |       |       |       |       ||     2
       Petrified         |       |       |       |       |    17 |       ||    17
       Invisible         |       |       |       |       |     4 |       ||     4
       Petrifying        |       |       |       |       |     1 |       ||     1
Armor: Animal skin       |    20 |    22 |     7 |       |       |       ||    49
       Ring mail         |       |       |    64 |    70 |       |       ||   134
       Swamp dragon scal |       |       |       |   203 |   605 |   143 ||   951
       Chain mail        |       |       |       |     3 |       |       ||     3
       Plate armour      |       |       |       |       |       |   418 ||   418
Dodge: Dodged            |    77 |    62 |   238 |   487 |   684 |   418 ||  1966
Block: Buckler           |       |       |       |       |   149 |   439 ||   588
       Kite shield       |       |       |       |       |     4 |       ||     4

Table legend: (Time is in decaauts)
 A = Elapsed time spent in this place.
 B = Non-inter-level travel time spent in this place.
 C = Inter-level travel time spent in this place.
 D = Time resting spent in this place.
 E = Time spent auto-exploring this place.
 F = Levels seen in this place.
 G = Mean time per level.
                   A        B        C        D        E       F      G
               +--------+--------+--------+--------+--------+-----+--------+
         Total |  42590 |  37719 |   4871 |   8093 |  22366 |  33 | 1290.6 |
       Dungeon |  21669 |  18728 |   2941 |   4714 |  10900 |  15 | 1444.6 |
        Temple |    254 |    237 |     17 |      0 |    222 |   1 |  254.0 |
          Lair |   9451 |   7944 |   1507 |   1336 |   4972 |   6 | 1575.2 |
         Swamp |   1706 |   1672 |     34 |      9 |   1379 |   2 |  853.0 |
     Snake Pit |   6249 |   6035 |    214 |   1374 |   3519 |   4 | 1562.2 |
  Orcish Mines |   1675 |   1520 |    155 |     88 |   1094 |   2 |  837.5 |
        Depths |      1 |      1 |      0 |      0 |      0 |   1 |    1.0 |
        Bailey |    800 |    800 |      0 |    177 |    127 |   1 |  800.0 |
      Ice Cave |    781 |    781 |      0 |    394 |    152 |   1 |  781.0 |
               +--------+--------+--------+--------+--------+-----+--------+

Top non-repeatable levels by time:
     D:7: 2678 daAuts
  Lair:2: 2025 daAuts
  Lair:6: 2003 daAuts
    D:15: 1893 daAuts
 Snake:4: 1888 daAuts
    D:11: 1842 daAuts
  Lair:4: 1783 daAuts
    D:13: 1667 daAuts
 Snake:2: 1625 daAuts
     D:5: 1624 daAuts
  Lair:3: 1512 daAuts
 Snake:3: 1493 daAuts
     D:3: 1380 daAuts
     D:6: 1353 daAuts
    D:10: 1280 daAuts
